ITL
RICHMOND FLAIRS @ WISCONSIN TIMBER RATTLERS
04/14/2027
 
TOP OF THE 1ST
Richmond Flairs batting - Pitching for Wisconsin Timber Rattlers : RHP Tom McConnell
Pitching: RHP Tom McConnell
Batting: RHB Javier Rentería 0-0: Called Strike
0-1: Ball
1-1: Fly out, F4 (Line Drive, 4D)
Batting: RHB Jack Ray 0-0: Ball
1-0: Ball
2-0: Swinging Strike
2-1: Ball
3-1: Called Strike
3-2: Base on Balls
Batting: LHB Sean Nicks 0-0: Ball
1-0: Ball
2-0: Ball
3-0: Called Strike
3-1: Fielders Choice at 2nd, 4-6 (Groundball, 34)
Batting: RHB Elliott Johnston 0-0: Called Strike
0-1: Ball
1-1: Foul Ball, location: 2F
1-2: Fielders Choice at 2nd, 6-4 (Groundball, 6)
Top of the 1st over - 0 run(s), 0 hit(s), 0 error(s), 0 left on base; Richmond 0 - Wisconsin 0
BOTTOM OF THE 1ST
Wisconsin Timber Rattlers batting - Pitching for Richmond Flairs : RHP Carlos Fernández
Pitching: RHP Carlos Fernández
Batting: RHB Pablo Gonzáles 0-0: Ball
1-0: Foul Ball, location: 2F
1-1: Ball
2-1: SINGLE (Groundball, 3D)
Batting: SHB Ricardo Arévalo 0-0: Called Strike
0-1: Ball
1-1: Swinging Strike
1-2: Foul Ball, location: 2F
1-2: Foul Ball, location: 2F
1-2: Strikes out swinging
Batting: RHB Dick Slagboom 0-0: Ball
Pablo Gonzáles steals 2nd base
1-0: Ball
2-0: Ball
3-0: Foul Ball, location: 2F
3-1: Foul Ball, location: 2F
3-2: Base on Balls
Batting: RHB Vicente Vélez 0-0: Called Strike
0-1: Foul Ball, location: 2F
0-2: Foul Ball, location: 2F
0-2: Ball
1-2: Ground out 5-3 (Groundball, 56S)
Pablo Gonzáles to third
Dick Slagboom to second
Batting: LHB Raúl Casillán 0-0: Ball
1-0: Swinging Strike
1-1: Ball
2-1: Ground out 6-3 (Groundball, 6MD)
Bottom of the 1st over - 0 run(s), 1 hit(s), 0 error(s), 2 left on base; Richmond 0 - Wisconsin 0
TOP OF THE 2ND
Richmond Flairs batting - Pitching for Wisconsin Timber Rattlers : RHP Tom McConnell
Batting: LHB Luis Villa 0-0: Ball
1-0: Ball
2-0: Ball
3-0: Called Strike
3-1: Called Strike
3-2: Base on Balls
Batting: RHB R.J. Crosby 0-0: Ball
1-0: Foul Ball, location: 2F
1-1: Swinging Strike
1-2: Ball
2-2: Fly out, F8 (Flyball, 8LD)
Batting: SHB Carlos Reyes 0-0: Ball
Luis Villa steals 2nd base
1-0: Swinging Strike
1-1: Ball
2-1: Ball
3-1: Fly out, F8 (Line Drive, 8LM)
Batting: RHB Christian Hudson 0-0: Foul Ball, location: 2F
0-1: Foul Ball, location: 2F
0-2: Strikes out looking
Top of the 2nd over - 0 run(s), 0 hit(s), 0 error(s), 1 left on base; Richmond 0 - Wisconsin 0
BOTTOM OF THE 2ND
Wisconsin Timber Rattlers batting - Pitching for Richmond Flairs : RHP Carlos Fernández
Batting: RHB William Farmer 0-0: Ball
1-0: Ball
2-0: Ball
3-0: Called Strike
3-1: Base on Balls
Batting: RHB Fraser Stanton 0-0: Foul Ball, location: 2F
0-1: Ball
1-1: Ball
2-1: SINGLE (Line Drive, 8RS)
William Farmer to second
Batting: RHB Bailey Ramsey 0-0: Called Strike
0-1: Called Strike
0-2: Ball
1-2: Strikes out swinging
Batting: RHB Danny Campbell 0-0: Ball
1-0: Grounds into double play, 6-4-3 (Groundball, 6)
Bottom of the 2nd over - 0 run(s), 1 hit(s), 0 error(s), 1 left on base; Richmond 0 - Wisconsin 0
TOP OF THE 3RD
Richmond Flairs batting - Pitching for Wisconsin Timber Rattlers : RHP Tom McConnell
Batting: RHB Ray Yates 0-0: Foul Ball, location: 2F
0-1: Called Strike
0-2: Strikes out swinging
Batting: RHB Javier Rentería 0-0: Ball
1-0: Foul Ball, location: 2F
1-1: Called Strike
1-2: Fly out, F4 (Line Drive, 4)
Batting: RHB Jack Ray 0-0: Ball
1-0: Called Strike
1-1: Foul Ball, location: 2F
1-2: Foul Ball, location: 2F
1-2: Foul Ball, location: 2F
1-2: Strikes out swinging
Top of the 3rd over - 0 run(s), 0 hit(s), 0 error(s), 0 left on base; Richmond 0 - Wisconsin 0
BOTTOM OF THE 3RD
Wisconsin Timber Rattlers batting - Pitching for Richmond Flairs : RHP Carlos Fernández
Batting: RHB Pablo Gonzáles 0-0: Called Strike
0-1: Ball
1-1: Swinging Strike
1-2: Ball
2-2: Foul Ball, location: 2F
2-2: Foul Ball, location: 2F
2-2: Ball
3-2: SOLO HOME RUN (Flyball, 7D), Distance : 373 ft
Batting: SHB Ricardo Arévalo 0-0: Ball
1-0: Called Strike
1-1: Ball
2-1: Ball
3-1: SINGLE (Line Drive, 6M)
Batting: RHB Dick Slagboom 0-0: Called Strike
0-1: Ball
1-1: Ball
2-1: Foul Ball, location: 2F
2-2: Strikes out swinging
Batting: RHB Vicente Vélez 0-0: Ball
1-0: Foul Ball, location: 2F
1-1: Ball
2-1: Foul Ball, location: 2F
2-2: Ball
3-2: Fly out, F4 (Popup, 4)
Batting: LHB Raúl Casillán 0-0: DOUBLE (Groundball, 3D)
Ricardo Arévalo to third
Batting: RHB William Farmer 0-0: Ball
1-0: Ground out 5-3 (Groundball, 56)
Bottom of the 3rd over - 1 run(s), 3 hit(s), 0 error(s), 2 left on base; Richmond 0 - Wisconsin 1
TOP OF THE 4TH
Richmond Flairs batting - Pitching for Wisconsin Timber Rattlers : RHP Tom McConnell
Batting: LHB Sean Nicks 0-0: Ball
1-0: Foul Ball, location: 2F
1-1: Foul Ball, location: 2F
1-2: Strikes out swinging, 2-3 out at first.
Batting: RHB Elliott Johnston 0-0: Ball
1-0: Swinging Strike
1-1: Called Strike
1-2: Ball
2-2: Fly out, F9 (Flyball, 9D)
Batting: LHB Luis Villa 0-0: Called Strike
0-1: Called Strike
0-2: Ball
1-2: Ball
2-2: Foul Ball, location: 2F
2-2: Strikes out swinging
Top of the 4th over - 0 run(s), 0 hit(s), 0 error(s), 0 left on base; Richmond 0 - Wisconsin 1
BOTTOM OF THE 4TH
Wisconsin Timber Rattlers batting - Pitching for Richmond Flairs : RHP Carlos Fernández
Batting: RHB Fraser Stanton 0-0: Called Strike
0-1: Ball
1-1: SINGLE (Flyball, 9LS)
Batting: RHB Bailey Ramsey 0-0: Ball
1-0: Swinging Strike
1-1: Fly out, F8 (Line Drive, 8RD)
Batting: RHB Danny Campbell 0-0: Ball
Fraser Stanton steals 2nd base
1-0: Fly out, F8 (Flyball, 8RD)
Runner from 2nd tags up, SAFE at 3rd, no throw
Batting: RHB Pablo Gonzáles 0-0: Called Strike
0-1: Swinging Strike
0-2: Strikes out swinging
Bottom of the 4th over - 0 run(s), 1 hit(s), 0 error(s), 1 left on base; Richmond 0 - Wisconsin 1
TOP OF THE 5TH
Richmond Flairs batting - Pitching for Wisconsin Timber Rattlers : RHP Tom McConnell
Batting: RHB R.J. Crosby 0-0: Swinging Strike
0-1: Ball
1-1: Fly out, F8 (Flyball, 8RM)
Batting: SHB Carlos Reyes 0-0: Reached on error, E4 (Groundball, 4)
Batting: RHB Christian Hudson 0-0: Foul Ball, location: 2F
0-1: Ball
1-1: Ball
2-1: Swinging Strike
2-2: Fly out, F9 (Flyball, 89D)
Batting: RHB Ray Yates 0-0: Ball
1-0: Swinging Strike
1-1: Swinging Strike
1-2: Ball
2-2: Ball
3-2: Base on Balls
Carlos Reyes to second
Batting: RHB Javier Rentería 0-0: Called Strike
0-1: Fielders Choice at 2nd, 6-4 (Groundball, 6)
Top of the 5th over - 0 run(s), 0 hit(s), 1 error(s), 1 left on base; Richmond 0 - Wisconsin 1
BOTTOM OF THE 5TH
Wisconsin Timber Rattlers batting - Pitching for Richmond Flairs : RHP Carlos Fernández
Batting: SHB Ricardo Arévalo 0-0: Foul Ball, location: 2F
0-1: Fly out, F8 (Flyball, 78M)
Batting: RHB Dick Slagboom 0-0: Ball
1-0: Foul Ball, location: 2F
1-1: Foul Ball, location: 2F
1-2: Ball
2-2: Strikes out swinging
Batting: RHB Vicente Vélez 0-0: Ground out 6-3 (Groundball, 6)
Bottom of the 5th over - 0 run(s), 0 hit(s), 0 error(s), 0 left on base; Richmond 0 - Wisconsin 1
TOP OF THE 6TH
Richmond Flairs batting - Pitching for Wisconsin Timber Rattlers : RHP Tom McConnell
Batting: RHB Jack Ray 0-0: Called Strike
0-1: Ball
1-1: Ball
2-1: DOUBLE (Line Drive, 9LS)
Batting: LHB Sean Nicks 0-0: Ball
1-0: Foul Ball, location: 2F
1-1: Ball
2-1: Fly out, F8 (Flyball, 8LD)
Batting: RHB Elliott Johnston 0-0: SINGLE (Flyball, 8RS) - OUT at second base trying to stretch hit.
Jack Ray scores
Batting: LHB Luis Villa 0-0: Called Strike
0-1: Ball
1-1: SINGLE (Groundball, 4MD)
Batting: RHB R.J. Crosby 0-0: Ball
1-0: Ball
2-0: Ball
3-0: Called Strike
3-1: Foul Ball, location: 2F
3-2: Fly out, F8 (Flyball, 8RD)
Top of the 6th over - 1 run(s), 3 hit(s), 0 error(s), 1 left on base; Richmond 1 - Wisconsin 1
BOTTOM OF THE 6TH
Wisconsin Timber Rattlers batting - Pitching for Richmond Flairs : RHP Carlos Fernández
Batting: LHB Raúl Casillán 0-0: Foul Ball, location: 2F
0-1: Ball
1-1: Ball
2-1: Called Strike
2-2: Ball
3-2: Base on Balls
Batting: RHB William Farmer 0-0: Ball
1-0: Foul Ball, location: 2F
1-1: Ball
2-1: Called Strike
2-2: Ball
3-2: Foul Ball, location: 2F
3-2: Foul Ball, location: 2F
3-2: Strikes out looking
Pitching: LHP Orlando Díaz
Batting: RHB Fraser Stanton 0-0: Ball
1-0: SINGLE (Line Drive, 34D)
Raúl Casillán to second
Batting: RHB Bailey Ramsey 0-0: Ball
1-0: Called Strike
1-1: Foul Ball, location: 2F
1-2: Ball
2-2: Foul Ball, location: 2F
2-2: Ball
3-2: Base on Balls
Raúl Casillán to third
Fraser Stanton to second
Batting: RHB Danny Campbell 0-0: Called Strike
0-1: Ball
1-1: Swinging Strike
1-2: Ball
2-2: Ball
3-2: Foul Ball, location: 2F
3-2: Base on Balls
Raúl Casillán scores
Fraser Stanton to third
Bailey Ramsey to second
Batting: RHB Pablo Gonzáles 0-0: Called Strike
0-1: Ball
1-1: Foul Ball, location: 2F
1-2: Strikes out swinging
Batting: SHB Ricardo Arévalo 0-0: Called Strike
0-1: Ball
1-1: Called Strike
1-2: Strikes out swinging
Bottom of the 6th over - 1 run(s), 1 hit(s), 0 error(s), 3 left on base; Richmond 1 - Wisconsin 2
TOP OF THE 7TH
Richmond Flairs batting - Pitching for Wisconsin Timber Rattlers : RHP Tom McConnell
Pitching: RHP John Thompson
Batting: SHB Carlos Reyes 0-0: Called Strike
0-1: Swinging Strike
0-2: Fly out, F3 (Popup, 3L)
Batting: RHB Christian Hudson 0-0: Foul Ball, location: 2F
0-1: Called Strike
0-2: Ball
1-2: Strikes out looking
Batting: RHB Ray Yates 0-0: Called Strike
0-1: Ball
1-1: Called Strike
1-2: Foul Ball, location: 2F
1-2: Ball
2-2: Strikes out looking
Top of the 7th over - 0 run(s), 0 hit(s), 0 error(s), 0 left on base; Richmond 1 - Wisconsin 2
BOTTOM OF THE 7TH
Wisconsin Timber Rattlers batting - Pitching for Richmond Flairs : LHP Orlando Díaz
Batting: RHB Dick Slagboom 0-0: SINGLE (Line Drive, 9LS)
Batting: RHB Vicente Vélez 0-0: Called Strike
0-1: Foul Ball, location: 2F
0-2: Foul Ball, location: 2F
0-2: Foul Ball, location: 2F
0-2: Ball
1-2: Ball
2-2: Ball
3-2: Foul Ball, location: 2F
3-2: 2-RUN HOME RUN (Flyball, 7D), Distance : 376 ft
Pitching: LHP Salvador Rodríguez
Batting: LHB Raúl Casillán 0-0: SINGLE (Groundball, 34D)
Batting: RHB William Farmer 0-0: Ball
1-0: Fly out, F4 (Popup, 4MD)
Batting: RHB Fraser Stanton 0-0: Ball
1-0: Ball
Raúl Casillán steals 2nd base
2-0: Swinging Strike
2-1: Foul Ball, location: 2F
2-2: Strikes out swinging
Batting: RHB Bailey Ramsey 0-0: Called Strike
0-1: DOUBLE (Line Drive, 7D)
Raúl Casillán scores
Batting: RHB Danny Campbell 0-0: Called Strike
0-1: Swinging Strike
0-2: Fly out, F7 (Flyball, 78S)
Bottom of the 7th over - 3 run(s), 4 hit(s), 0 error(s), 1 left on base; Richmond 1 - Wisconsin 5
TOP OF THE 8TH
Richmond Flairs batting - Pitching for Wisconsin Timber Rattlers : RHP John Thompson
Batting: RHB Javier Rentería 0-0: Ball
1-0: Ground out 5-3 (Groundball, 5)
Batting: RHB Jack Ray 0-0: Ball
1-0: Foul Ball, location: 2F
1-1: Single, Error in OF, E9, batter to second base
Batting: LHB Sean Nicks 0-0: Ball
1-0: Ball
2-0: Called Strike
2-1: Ball
3-1: Called Strike
3-2: DOUBLE (Line Drive, 89D)
Jack Ray scores
Pitching: RHP Manuel González
Batting: RHB Elliott Johnston 0-0: Called Strike
0-1: Foul Ball, location: 2F
0-2: Foul Ball, location: 2F
0-2: Ball
1-2: Fly out, F8 (Line Drive, 8LD)
Runner from 2nd tags up, SAFE at 3rd, no throw
Batting: LHB Luis Villa 0-0: Called Strike
0-1: Foul Ball, location: 2F
0-2: Ball
1-2: Ball
2-2: Strikes out swinging
Top of the 8th over - 1 run(s), 2 hit(s), 1 error(s), 1 left on base; Richmond 2 - Wisconsin 5
BOTTOM OF THE 8TH
Wisconsin Timber Rattlers batting - Pitching for Richmond Flairs : LHP Salvador Rodríguez
Batting: RHB Pablo Gonzáles 0-0: Called Strike
0-1: Swinging Strike
0-2: Ball
1-2: Strikes out swinging
Batting: SHB Ricardo Arévalo 0-0: Foul Ball, location: 2F
0-1: Ball
1-1: Foul Ball, location: 2F
1-2: Ball
2-2: Ball
3-2: Foul Ball, location: 2F
3-2: Foul Ball, location: 2F
3-2: Strikes out looking
Batting: RHB Dick Slagboom 0-0: Foul Ball, location: 2F
0-1: Foul Ball, location: 2F
0-2: Ball
1-2: Ball
2-2: Foul Ball, location: 2F
2-2: Foul Ball, location: 2F
2-2: Strikes out swinging
Bottom of the 8th over - 0 run(s), 0 hit(s), 0 error(s), 0 left on base; Richmond 2 - Wisconsin 5
TOP OF THE 9TH
Richmond Flairs batting - Pitching for Wisconsin Timber Rattlers : RHP Manuel González
Pitching: LHP Sergio Vargas
Batting: RHB R.J. Crosby 0-0: Ball
1-0: Ball
2-0: Called Strike
2-1: Reached on error, E9 (Flyball, 9S)
Batting: SHB Carlos Reyes 0-0: Called Strike
0-1: Foul Ball, location: 2F
0-2: Ball
1-2: Ball
2-2: Foul Ball, location: 2F
2-2: Ground out 5-3 (Groundball, 56S)
R.J. Crosby to second
Batting: RHB Christian Hudson 0-0: Called Strike
0-1: Ball
1-1: Swinging Strike
1-2: Ball
2-2: Foul Ball, location: 2F
2-2: Foul Ball, location: 2F
2-2: Strikes out swinging
Batting: RHB Ray Yates 0-0: Ground out 1-3 (Groundball, P)
Top of the 9th over - 0 run(s), 0 hit(s), 1 error(s), 1 left on base; Richmond 2 - Wisconsin 5
Thursday, March 30th, 2017 - OOTP Baseball 17.12 Build 75